AoeStats
← Augi662101

MegaRandom

507349162Analyzed
2v2 RM · 14d ago on Sep 17, 2026· 63m 32s· 4 players
Game mode
Random Map
Map size
Medium (4 player)
Population
200
Speed
Normal
Resources
Standard
Victory
Conquest
Starting age
Dark Age
Ending age
Imperial Age
RankedLock teamsTeams togetherTeam positionsShared explorationLock speedFull tech treeHidden civsTurbo modeCheats
Victory
Defeat
🇧🇪 Hindustanis · Belgium
914
+12
🇺🇸 Burgundians · United States
835
+16
🇬🇧 Spanish · United Kingdom
837
-14
🇬🇧 Franks · United Kingdom
827
-14
Mattsauce
2:37 Loom
12:21 Feudal Age
14:07 Wheelbarrow
13:15 Horse Collar
15:36 Double-Bit Axe
23:14 Castle Age
23:08 Stone Mining
23:41 Scale Barding Armor
23:47 Forging
32:16 Chain Barding Armor
32:32 Iron Casting
33:39 Pikeman
39:05 Fortified Wall
41:50 Squires
42:10 Bow Saw
42:38 Hand Cart
43:43 Ballistics
46:37 Murder Holes
46:56 Masonry
50:04 Imperial Age
47:38 Scale Mail Armor
47:29 Fletching
47:40 Padded Archer Armor
50:00 Man-at-Arms
50:25 Gambesons
50:23 Elite Skirmisher
50:33 Halberdier
51:01 Long Swordsman
52:04 Heavy Plow
52:26 Thumb Ring
55:31 Two-Handed Swordsman
hockeysam
3:48 Loom
11:50 Feudal Age
12:07 Feudal Age
14:29 Wheelbarrow
15:14 Town Watch
16:00 Double-Bit Axe
21:11 Castle Age
20:18 Gold Mining
20:20 Stone Mining
20:31 Stone Mining
20:56 Scale Barding Armor
21:03 Forging
22:54 Husbandry
24:53 Hand Cart
27:26 Iron Casting
27:13 Chain Barding Armor
28:14 Bow Saw
29:26 Pikeman
33:34 Caravan
36:33 Gold Shaft Mining
36:13 Squires
40:25 Imperial Age
38:32 Scale Mail Armor
41:41 Conscription
41:28 Chivalry
41:04 Cavalier
41:42 Halberdier
45:01 Plate Barding Armor
45:27 Blast Furnace
49:19 Paladin
53:54 Murder Holes
Augi662101
11:25 Feudal Age
9:41 Loom
13:00 Double-Bit Axe
13:01 Horse Collar
22:37 Castle Age
20:50 Heavy Plow
21:18 Bow Saw
22:22 Stone Mining
22:24 Gold Mining
22:41 Fletching
23:28 Squires
24:53 Wheelbarrow
28:34 Hand Cart
31:11 Ballistics
30:56 Bodkin Arrow
32:47 Husbandry
32:12 Cavalier
36:37 Imperial Age
33:55 Cavalier
34:52 Forging
34:48 Scale Barding Armor
34:45 Scale Mail Armor
38:14 Pikeman
39:21 Conscription
39:37 Hoardings
45:39 Burgundian Vineyards
45:49 Arson
45:42 Halberdier
47:04 Elite Coustillier
50:30 Iron Casting
49:56 Bracer
50:13 Chain Mail Armor
54:32 Chain Barding Armor
55:13 Blast Furnace
54:44 Plate Mail Armor
Nicrom
10:13 Feudal Age
8:39 Loom
11:08 Double-Bit Axe
12:04 Horse Collar
19:06 Castle Age
21:04 Bloodlines
20:54 Husbandry
21:09 Scale Barding Armor
21:16 Forging
24:34 Chain Barding Armor
24:50 Iron Casting
26:34 Light Cavalry
27:43 Fletching
29:56 Wheelbarrow
30:48 Town Watch
37:07 Imperial Age
35:40 Hand Cart
38:39 Scale Mail Armor
39:50 Heavy Camel Rider
41:10 Plate Barding Armor
41:36 Blast Furnace
40:03 Siege Elephant
43:14 Imperial Camel Rider
46:53 Chemistry
46:14 Ballistics
49:28 Masonry
51:45 Conscription
52:09 Chain Mail Armor
52:14 Shatagni
53:54 Grand Trunk Road
54:46 Elite Ghulam
57:48 Bodkin Arrow
57:54 Padded Archer Armor
Connection lost

Rejoining the realm…

Still unreachable

The connection could not be restored.

Session expired

The server has moved on; the page needs a fresh start.